 Dungeon Crawl Stone Soup version 0.30.0-5-g1a98f26d00 (webtiles) character file.

Game seed: 12194673686068841661

132 monsoonserge the Trooper (level 5, 0/57 HPs)
             Began as an Ogre Delver on May 10, 2023.
             Was an Initiate of Okawaru.
             Slain by a kobold
             ... wielding a +0 dagger
              (1 damage)
             ... in a sewer.
             The game lasted 00:08:43 (940 turns).

monsoonserge the Trooper (Ogre Delver)               Turns: 940, Time: 00:08:44

Health: 0/57       AC:  3    Str: 18    XL:     5   Next: 15%
Magic:  3/5        EV: 10    Int: 11    God:    Okawaru [......]
Gold:   13         SH:  0    Dex: 10    Spells: 4/4 levels left

rFire   . . .        a - +0 mace
rCold   . . .        (no shield)
rNeg    . . .        b - +0 robe
rPois   .            (helmet restricted)
rElec   .            (no cloak)
rCorr   .            (gloves unavailable)
SInv    .            (boots unavailable)
Will    .....        (no amulet)
Stlth   ++           (no ring)
HPRegen 0.29/turn    (no ring)
MPRegen 0.09/turn

%: no passive effects
@: no status effects
A: large, unfitting armour, tough skin 1, horns 1
a: Renounce Religion


You were in a sewer.
You worshipped Okawaru.
Okawaru was noncommittal.
You visited 2 branches of the dungeon, and saw 2 of its levels.
You also visited: Sewer.

You collected 13 gold pieces.

Inventory:

Hand Weapons
 a - a +0 mace (weapon)
 d - the +8 sling of Esap {flame, *Corrode rC+ Dex+4}
   (You found it on level 5 of the Dungeon)

   Dex:       It affects your dexterity (+4).
   rC:        It protects you from cold.
   *Corrode:  It may corrode you when you take damage.
Missiles
 l - 3 poisoned darts (quivered)
Armour
 b - a +0 robe (worn)
Wands
 g - a wand of digging (3)
Scrolls
 c - a scroll of fog
 e - a scroll of fear
Potions
 f - 3 potions of haste
 h - 2 potions of magic {unknown}
 i - a potion of resistance {unknown}
 j - 2 potions of mutation
 k - a potion of heal wounds {unknown}
 m - a potion of might {unknown}


   Skills:
 + Level 5.1 Fighting
 + Level 3.0 Maces & Flails
 + Level 1.6 Ranged Weapons
 + Level 1.9 Dodging
 - Level 4.0 Stealth


You had 4 spell levels left.
You didn't know any spells.
Your spell library was empty.

Dungeon Overview and Level Annotations

Branches:
Dungeon (5/15)             Temple (1/1) D:5           Sewer (1/1)

Altars:
Ashenzari
Cheibriados
Elyvilon
Fedhas
Hepliaklqana
Kikubaaqudgha
Makhleb
Nemelex Xobeh
Okawaru
Qazlal
Trog
Vehumet
Wu Jian
Xom
Yredelemnul
Zin

Annotations:
D:5 1 transporter


Innate Abilities, Weirdness & Mutations

You are too large for most types of armour.
You have tough skin. (AC +1)
You have a pair of small horns on your head.


Message History

You feel sick. The kobold hits you with a +0 dagger.
The kobold hits you with a +0 club.
The kobold brigand hits you with a +0 dagger.
The kobold misses you. The kobold barely misses you.
The kobold brigand hits you with a +0 dagger.
* * * LOW HITPOINT WARNING * * *
There is an open door here.
You closely miss the kobold brigand.
The kobold brigand is lightly wounded.
You feel sick.
You are no longer poisoned.
The kobold barely misses you. The kobold completely misses you.
The kobold brigand barely misses you.
You hit the kobold brigand.
The kobold brigand is moderately wounded.
The kobold hits you but does no damage. The kobold hits you with a +0 club.
* * * LOW HITPOINT WARNING * * *
The kobold brigand hits you with a +0 dagger.
* * * LOW HITPOINT WARNING * * *
The kobold hits you but does no damage. The kobold closely misses you.
The kobold brigand hits you but does no damage.
You closely miss the kobold brigand.
The kobold brigand is heavily wounded.
The kobold closely misses you. The kobold hits you with a +0 club.
* * * LOW HITPOINT WARNING * * *
The kobold brigand hits you with a +0 dagger.
* * * LOW HITPOINT WARNING * * *
You barely miss the kobold brigand.
The kobold brigand is heavily wounded.
You feel yourself speed up.
The kobold brigand looks more healthy.
The kobold hits you but does no damage. The kobold closely misses you.
The kobold brigand misses you. The kobold hits you but does no damage.
The kobold hits you with a +0 club.
* * * LOW HITPOINT WARNING * * *
The kobold brigand closely misses you.
It was a potion of mutation.
You feel extremely strange. A pair of horns grows on your head!
You feel like a meek peon again. The kobold hits you with a +0 dagger.
You die...

≈≈≈≈≈≈≈≈≈≈ ≈≈≈ ≈≈≈
≈≈≈≈≈≈≈≈ ### ###
####### #!.#.!#
#..#..#
.....#≈≈≈≈≈≈#.....#
##.(.##≈≈≈≈≈≈##...##
#..)..#≈≈≈≈≈≈#.....#
#..K..#≈≈≈≈≈≈#.....#
##@###≈≈≈≈≈≈###)###
##K.K≈≈≈≈≈≈≈≈≈.).)#
#....≈≈≈≈≈≈≈≈≈....#
#....≈≈≈≈≈≈≈≈.....#
##....≈≈≈≈≈≈≈......#
#.....≈≈≈≈≈≈≈.÷...##
#.....≈≈≈≈≈≈≈#....#
#......≈≈≈≈≈≈##..##
##.....≈≈≈≈≈≈##..#


You could see a kobold brigand and 2 kobolds.

Vanquished Creatures
  3 adders (Sewer)
  6 river rats (Sewer)
  A white imp (D:5)
  A worm (D:5)
  8 ball pythons
  14 kobolds (Sewer)
  2 frilled lizards (Sewer)
  20 rats
55 creatures vanquished.

Vanquished Creatures (others)
  An adder (D:5)
1 creature vanquished.

Grand Total: 56 creatures vanquished

Notes
Turn   | Place    | Note
-------+----------+-------------------------------------------
     0 | D:5      | monsoonserge the Ogre Delver began the quest for the Orb.
     0 | D:5      | Reached XP level 1. HP: 24/24 MP: 1/1
    16 | D:5      | Reached XP level 2. HP: 13/32 MP: 2/2
    18 | D:5      | Found a transporter.
    41 | D:5      | Identified the +8 sling of Esap {flame, *Corrode rC+ Dex+4}
    52 | D:5      | Found a staircase to the Ecumenical Temple.
    65 | Temple   | Entered the Ecumenical Temple
    77 | Temple   | Became a worshipper of Warmaster Okawaru
   111 | D:5      | Found a burning altar of Makhleb.
   175 | D:5      | Found a glowing drain.
   209 | Sewer    | Entered a sewer
   226 | Sewer    | Reached XP level 3. HP: 40/40 MP: 3/3
   303 | Sewer    | Reached XP level 4. HP: 49/49 MP: 4/4
   315 | Sewer    | Reached skill level 1 in Ranged Weapons
   385 | Sewer    | Reached * piety under Okawaru
   396 | Sewer    | Reached skill level 5 in Fighting
   600 | Sewer    | Reached XP level 5. HP: 30/57 MP: 5/5
   928 | Sewer    | Noticed a kobold brigand
   939 | Sewer    | HP: 1/57 [kobold/+0 club (3)]
   940 | Sewer    | Gained mutation: You have a pair of small horns on your
                  | head. [potion of mutation]
   940 | Sewer    | Slain by a kobold

Illustrated notes

Levels and vault maps discovered:
D:5:      layout_loops_ring, bloody_makhleb, minmay_temple_entry_hall,
          portal_sewer_entry_e, gammafunk_ghost_stat_death, lemuel_flame_loot_1,
          uniq_menkaure
Temple:   hellmonk_temple_two_chambers
Sewer:    sewer_minmay_treatment

Skill      XL: |  1  2  3  4  5 |
---------------+----------------+-----
Maces & Flails | 2 3 |  3.0
Stealth        | 4 |  4.0
Ranged Weapons | 1 |  1.6
Fighting       | 5 |  5.1
Dodging        | |  1.9

Action                     |  1- 3 |  4- 6 || total
---------------------------+-------+-------++-------
  Melee: Mace              |    21 |    81 ||   102
   Fire: Sling             |    25 |    25 ||    50
  Throw: Dart              |       |     3 ||     3
 Invoke: Heroism           |       |     1 ||     1
    Use: Scroll            |     1 |       ||     1
         Potion            |       |     1 ||     1
 Armour: Robe              |     5 |    25 ||    30
  Dodge: Dodged            |    10 |    52 ||    62
